 Dungeon Crawl Stone Soup version 0.32-a0-558-g233958a4c4 (webtiles) character file.

Game seed: 16338356074433642732

94 inmateoo the Poker (level 4, -1/34 HPs)
             Began as a Coglin Gladiator on Mar 1, 2024.
             Killed by nerve-wracking pain
             ... invoked by Grinder
              (9 damage)
             ... on level 3 of the Dungeon.
             The game lasted 00:01:58 (1931 turns).

inmateoo the Poker (Coglin Gladiator)               Turns: 1931, Time: 00:01:59

Health: -1/34      AC:  5    Str: 16    XL:     4   Next: 63%
Magic:  4/4        EV: 12    Int:  8    God:
Gold:   157        SH:  0    Dex: 15    Spells: 3/3 levels left

rFire   . . .        a - +0 trident {Berta}
rCold   . . .        p - +4 hand axe {Balvinder}
rNeg    . . .        b - +0 leather armour
rPois   .            c - +0 helmet
rElec   .            (no cloak)
rCorr   .            (no gloves)
SInv    .            k - +0 pair of boots
Will    .....        (amulet unavailable)
Stlth   +            (ring unavailable)
HPRegen 0.25/turn    (ring unavailable)
MPRegen 0.09/turn    (no gizmo)

%: no passive effects
@: revving
A: off-hand wielding, slow wielding, warmup strikes, no jewelry
a: Invent Gizmo


You were on level 3 of the Dungeon.
You visited 1 branch of the dungeon, and saw 3 of its levels.

You collected 157 gold pieces.

Inventory:

Hand Weapons
 a - a +0 trident (weapon) {Berta}
 m - a +0 spear {Diego}
 p - a +4 hand axe (offhand) {Balvinder}
Missiles
 d - 3 throwing nets (quivered)
 e - 5 javelins
Armour
 b - a +0 leather armour (worn)
 c - a +0 helmet (worn)
 k - a +0 pair of boots (worn)
Scrolls
 g - a scroll of silence {unknown}
 i - a scroll of enchant armour {unknown}
 j - 2 scrolls of identify {unknown}
 n - a scroll of immolation {unknown}
 q - a scroll of noise {unknown}
Potions
 f - a potion of ambrosia {unknown}
 h - a potion of mutation {unknown}
 l - 2 potions of curing {unknown}
 o - a potion of heal wounds {unknown}


   Skills:
 + Level 2.7 Fighting
 * Level 3.6 Polearms
 - Level 1.7 Throwing
 + Level 1.3 Armour
 + Level 3.2 Dodging


You had 3 spell levels left.
You didn't know any spells.
Your spell library contained the following spells:

 Spells                   Type           Power      Damage    Failure   Level
 Chain Lightning          Conj/Air       0%         N/A       100%        9
 Fire Storm               Conj/Fire      0%         5d1       100%        9
 Shatter                  Erth           0%         3d5*      100%        9


Dungeon Overview and Level Annotations

Branches:
Dungeon (3/15)

Altars:

Shops:
D:1 [   D:2 :

Annotations:
D:3 Grinder


Innate Abilities, Weirdness & Mutations

You can wield a second weapon in your off-hand.
It takes a long time for you to wield or remove held weapons.
Your first few attacks do less damage.
You cannot equip rings or amulets.


Message History

You see here 11 gold pieces.
Unknown command.
Unknown command.
You closely miss Grinder with your +4 hand axe.
You hit Grinder with your +0 trident. Grinder hits you!
You closely miss Grinder with your +0 trident.
Grinder is lightly wounded.
You hit Grinder with your +4 hand axe. Grinder barely misses you.
You hit Grinder with your +4 hand axe.
Grinder is lightly wounded.
You hit Grinder with your +0 trident. Grinder hits you!
You writhe in agony.
Grinder blinks!
Grinder zaps a wand.
The puff of flame hits you.
Grinder blinks!
You are too injured to fight recklessly!
You are too injured to fight recklessly!
You are too injured to fight recklessly!
Reach: a) +0 trident {Berta}
Press: ? - help, Dir - move target, f - Grinder
Aim: Grinder, carrying a wand of flame (moderately wounded, about 45% to evade your +0 trident)
You reach to attack!
You hit Grinder but do no damage.
Grinder blinks!
Reach: a) +0 trident {Berta}
Press: ? - help, Dir - move target, f - you, p - Grinder
Okay, then.
Grinder gestures at you.
You suddenly lose the ability to move!
Grinder gestures at you. Pain shoots through your body!
* * * LOW HITPOINT WARNING * * *
You can move again.
Unknown command.
Unknown command.
Grinder zaps a wand.
The puff of flame misses you.
You closely miss Grinder with your +0 trident.
Grinder is moderately wounded.
You hit Grinder with your +4 hand axe. Grinder gestures at you.
Pain shoots through your body!
You die...
Grinder says, "Hey, I wasn't done torturing you yet!"

#.### #...# ###### #.#.#
#########....#
##+##.#.###.......'....+
#.......##..##.####....#
#.......##.###.# ##..##
#.......##.###.#####..##
#)....5...............##
#......@#.####.#####..##
...####..#.# ..#####..##
.#. #.>..+ ..+.......+ #
#..#.# ######.## #..#.#
#..[.## #†.#.# #....'.
#..... #....## #...<..
####.# ......... #.#


You could see Grinder.

Vanquished Creatures
  2 adders (D:2)
  A ribbon worm (D:3)
  4 dart slugs
  5 orcs (D:3)
  2 bats
  3 endoplasms
  4 giant cockroaches
  7 goblins
  4 hobgoblins
  2 jackals (D:1)
  7 kobolds
  4 quokkas
  A ball python (D:3)
  3 frilled lizards
  4 rats
53 creatures vanquished.

Notes
Turn   | Place    | Note
-------+----------+-------------------------------------------
     0 | D:1      | inmateoo the Coglin Gladiator began the quest for the Orb.
     0 | D:1      | Reached XP level 1. HP: 16/16 MP: 1/1
    92 | D:1      | Found a faded altar of an unknown god.
   158 | D:1      | Reached XP level 2. HP: 21/22 MP: 2/2
   250 | D:1      | Noticed an animated pearl dragon scales
   253 | D:1      | Found Zaedih's Armour Shop.
   255 | D:1      | Noticed an animated crystal plate armour
   438 | D:1      | Reached XP level 3. HP: 26/27 MP: 3/3
   913 | D:2      | Found Ajyexapo's Book Emporium.
   931 | D:2      | Reached skill level 1 in Armour
  1223 | D:2      | Reached XP level 4. HP: 33/34 MP: 4/4
  1913 | D:3      | Noticed Grinder
  1913 | D:3      | Paralysed by Grinder for 5 turns
  1925 | D:3      | Paralysed by Grinder for 3 turns
  1931 | D:3      | Killed from afar by Grinder

Illustrated notes

Levels and vault maps discovered:
D:1:      saegor_arrival_simple_a, layout_loops_ring,
          shapermc_ecumenical_altar_notcrosses, serial_shops,
          nicolae_shop_mannequins, serial_forest, infiniplex_forest_clump_cross,
          infiniplex_forest_zigzag_2, infiniplex_forest_clump_diagonal,
          infiniplex_forest_end_2, minmay_misc_feat_cross, minivault_23
D:2:      layout_basic, serial_shops, shop, serial_bayou_lagoon_b
D:3:      layout_basic, grunt_temple_overflow_gold_and_silver,
          kennysheep_pointless_box, uniq_grinder

Skill      XL: |  1  2  3 |
---------------+----------+-----
Polearms       | 3 |  3.6
Dodging        | 3 |  3.2
Armour         | 1 |  1.3
Fighting       | |  2.7
Throwing       | |  1.7

Action                     |  1- 3 |  4- 6 || total
---------------------------+-------+-------++-------
  Melee: Trident           |   122 |    42 ||   164
         Spear             |       |    27 ||    27
         Hand axe          |       |     7 ||     7
   Stab: Sleeping          |     3 |       ||     3
         Distracted        |       |     1 ||     1
 Armour: Leather armour    |    53 |    13 ||    66
  Dodge: Dodged            |    51 |    13 ||    64

Table legend: (Time is in decaauts)
 A = Elapsed time spent in this place.
 B = Non-inter-level travel time spent in this place.
 C = Inter-level travel time spent in this place.
 D = Time resting spent in this place.
 E = Time spent auto-exploring this place.
 F = Levels seen in this place.
 G = Mean time per level.
                   A        B        C        D        E       F      G
               +--------+--------+--------+--------+--------+-----+--------+
         Total |   1966 |   1901 |     65 |     58 |   1400 |   3 |  655.3 |
       Dungeon |   1966 |   1901 |     65 |     58 |   1400 |   3 |  655.3 |
               +--------+--------+--------+--------+--------+-----+--------+

Top non-repeatable levels by time:
     D:1: 866 daAuts
     D:2: 863 daAuts
     D:3: 237 daAuts
